Map: Alcyone LE

Players

IA (très facile) - Winner!

  • Race: Zerg Zerg
  • Spawn Location: 1:00

Matt

  • Race: Terran Terran
  • Spawn Location: 7:00

VOD

Have the link to the VOD?

Description

Time

  • Played on: April 27, 2024, 5:07 p.m.
  • Length: 9:40
Show
View Real Time Build Order
Export as new Build Order

IA (très facile) Zerg - Winner!

Build Orders: Hatch First 

Get SALT Encoding   

  12  0:01  Drone  
  13  0:13  Overlord  
  13  0:16  Drone  
  14  0:42  Hatchery  
  13  0:45  Drone  
  14  1:04  Spawning Pool  
  14  1:05  Extractor  
  14  1:08  Drone  
  13  1:15  Drone  
  14  1:20  Overlord  
  14  1:51  Queen  
  14  1:53  Zergling x2  
  18  1:54  Zergling x2  
  18  1:58  Roach Warren  
  17  2:02  Drone  
  17  2:08  Extractor  
  17  2:11  Drone  
  17  2:15  Zergling x2  
  19  2:20  Drone  
  20  2:27  Drone  
  21  2:35  Drone  
  22  2:42  Drone  
  23  2:49  Drone  
  24  2:55  Lair  
  24  2:56  Drone  
  25  3:24  Drone  
  26  3:32  Drone  
  27  3:38  Overlord  
  27  3:39  Drone  
  28  3:46  Drone  
  29  3:53  Drone, Spire  
  29  4:01  Drone, Overseer  
  30  4:08  Drone  
  30  4:09  Overseer  
  31  4:15  Drone  
  32  4:22  Drone  
  33  4:24  Extractor  
  33  4:29  Drone  
  33  4:31  Overlord  
  33  4:37  Drone  
  34  4:44  Drone  
  35  4:50  Extractor  
  35  4:51  Drone  
  35  4:58  Drone  
  36  5:05  Drone  
  37  5:07  Mutalisk  
  37  5:12  Drone  
  40  5:20  Drone  
  41  5:27  Drone  
  42  5:34  Drone  
  42  5:35  Overlord  
  43  5:41  Drone  
  44  5:44  Mutalisk  
  44  5:48  Drone  
  47  5:55  Drone  
  48  6:02  Drone  
  49  6:49  Overseer  
  49  6:50  Overlord  
  49  8:30  Overseer  
  49  8:31  Overlord  
Show
View Real Time Build Order
Export as new Build Order

Matt Terran 

Build Orders: Reaper Expand, Hellion Banshee 

Get SALT Encoding   

  12  0:00  SCV  
  13  0:12  SCV  
  14  0:16  Supply Depot  
  14  0:24  SCV  
  15  0:38  SCV  
  15  0:39  Barracks  
  16  0:44  Refinery  
  16  0:50  SCV  
  17  1:06  SCV  
  18  1:18  SCV  
  19  1:28  Reaper  
  19  1:30  Orbital Command  
  20  1:40  Command Center  
  20  1:50  Supply Depot  
  20  1:57  SCV  
  20  2:00  Marine  
  22  2:05  Factory  
  22  2:10  SCV  
  23  2:22  Barracks Reactor, SCV  
  24  2:35  SCV  
  25  2:42  Command Center  
  25  2:47  SCV  
  26  2:53  Orbital Command  
  26  2:59  SCV  
  26  3:03  Hellion x2  
  31  3:11  Starport  
  31  3:15  SCV  
  31  3:23  Refinery  
  31  3:25  SCV  
  33  3:27  SCV  
  33  3:31  Hellion  
  35  3:36  Hellion  
  35  3:37  Barracks Tech Lab  
  35  3:39  SCV  
  38  3:41  SCV  
  39  3:53  Hellion  
  39  3:55  SCV x2  
  43  3:57  Hellion  
  43  3:59  Orbital Command  
  45  4:08  SCV x2  
  47  4:17  Banshee, Cloaking Field  
  47  4:20  SCV x2  
  47  4:22  Barracks Tech Lab  
  52  4:26  Barracks  
  52  4:29  Barracks, SCV  
  52  4:30  Factory Reactor  
  53  4:33  Supply Depot  
  53  4:34  SCV x2  
  55  4:41  Marine  
  55  4:42  SCV  
  55  4:44  Engineering Bay  
  57  4:47  SCV x2  
  57  4:48  Engineering Bay  
  59  4:56  Supply Depot  
  59  4:58  Stimpack  
  59  4:59  Banshee, SCV  
  60  5:01  SCV x2  
  65  5:11  SCV  
  65  5:13  SCV x2  
  68  5:21  Barracks  
  68  5:22  Barracks  
  68  5:23  SCV, Marine x3  
  68  5:24  Terran Infantry Weapons Level 1  
  68  5:25  SCV  
  68  5:27  Refinery  
  73  5:29  Refinery  
  73  5:30  Supply Depot  
  73  5:33  Terran Infantry Armor Level 1  
  73  5:34  Marine  
  73  5:35  Marine  
  75  5:40  Marine  
  75  5:41  Marine  
  77  5:48  Supply Depot  
  77  5:51  SCV, Marine  
  77  5:52  Supply Depot, Marine  
  77  5:54  Marine  
  81  5:58  Marine  
  81  6:02  Orbital Command, SCV  
  83  6:05  Marine  
  83  6:07  Starport Reactor  
  83  6:09  Marine  
  85  6:12  SCV  
  85  6:13  Barracks Reactor x2  
  85  6:14  Siege Tank, SCV  
  85  6:16  Marine x2  
  85  6:17  Supply Depot  
  92  6:19  Supply Depot  
  92  6:20  Marine  
  92  6:23  Marine  
  92  6:24  SCV  
  95  6:26  SCV  
  95  6:27  Marine  
  97  6:33  Supply Depot  
  97  6:34  Supply Depot, Marine  
  97  6:36  SCV  
  97  6:38  Factory  
  97  6:39  SCV  
  101  6:42  Supply Depot  
  101  6:44  Marine x4  
  101  6:46  Medivac x2  
  109  6:48  SCV  
  109  6:50  Marine x4  
  109  6:51  SCV  
  115  6:54  SCV  
  115  6:55  Widow Mine  
  115  7:00  SCV  
  118  7:02  Refinery  
  118  7:03  SCV  
  118  7:05  Supply Depot  
  118  7:06  SCV  
  118  7:07  Marine x5  
  118  7:08  Marine x2  
  125  7:12  Armory, SCV  
  125  7:14  Marine x2  
  125  7:15  SCV  
  131  7:17  Medivac  
  131  7:18  SCV, Medivac  
  136  7:24  SCV  
  136  7:25  Marine  
  136  7:26  Marine x6  
  136  7:28  Factory Reactor  
  146  7:30  Widow Mine  
  146  7:31  Marine x2  
  146  7:36  Supply Depot  
  148  7:37  Supply Depot, SCV  
  148  7:39  Refinery  
  148  7:42  Marine  
  148  7:44  Marine x6  
  151  7:46  SCV  
  151  7:49  SCV  
  161  7:51  Widow Mine  
  161  7:55  Marine x2  
  161  7:56  Medivac  
  161  7:57  Medivac  
  161  7:58  SCV  
  168  8:00  Marine, SCV  
  168  8:02  Marine  
  170  8:06  Supply Depot  
  170  8:07  Supply Depot, Marine x5  
  170  8:09  Widow Mine  
  170  8:11  Widow Mine, Drilling Claws  
  179  8:13  Marine x2  
  181  8:27  Marine x6  
  187  8:36  Marine x3  
  187  8:37  Widow Mine x2  
  187  8:39  Widow Mine  
  196  8:45  Marine  
  197  9:08  Command Center  
Tags
 
Add a new tag
Caveats
  • Supply blocks, unpowered buildings, or Contaminate may cause inaccurate times.
  • Supply counts are checked every 10 seconds.